Map: Lightshade LE

Players

JonSnow

  • Race: Zerg Zerg

DisK - Winner!

  • Race: Protoss Protoss

Event: DreamHack SC2 Masters 2021 Fall

VOD

Have the link to the VOD?

Description

Time

  • Played on: Aug. 6, 2021, 4:41 p.m.
  • Length: 12:17

All games in this series

Show
View Real Time Build Order
Export as new Build Order

JonSnow Zerg 

Build Orders: Pool First 

Get SALT Encoding   

  12  0:18  Spawning Pool  
  11  0:22  Drone  
  11  0:26  Drone  
  13  0:31  Drone  
  14  0:40  Overlord  
  14  1:05  Zergling x6  
  17  1:16  Zergling x2  
  17  1:17  Hatchery  
  17  1:28  Zergling x2  
  18  1:33  Queen  
  20  1:41  Overlord  
  20  1:49  Drone  
  19  2:05  Drone  
  20  2:10  Drone  
  20  2:12  Queen  
  23  2:25  Drone  
  23  2:29  Drone  
  24  2:30  Queen  
  24  2:31  Drone  
  26  2:42  Drone x2  
  28  2:45  Drone x2  
  28  2:51  Queen  
  29  2:56  Zergling x4  
  33  3:04  Extractor x2  
  33  3:05  Overlord  
  31  3:06  Drone  
  32  3:15  Drone x2  
  34  3:22  Drone x2  
  34  3:24  Drone x2  
  38  3:30  Overlord  
  38  3:43  Overlord  
  38  3:47  Drone x2  
  39  3:52  Drone x2  
  39  3:53  Drone  
  39  3:56  Drone  
  40  4:09  Drone x2  
  42  4:10  Drone  
  42  4:13  Drone  
  44  4:18  Lair, Drone  
  44  4:19  Drone  
  44  4:23  Evolution Chamber  
  45  4:26  Drone x2  
  47  4:34  Roach Warren  
  47  4:37  Overlord  
  46  4:39  Drone  
  46  4:44  Queen  
  49  4:47  Overlord  
  49  4:51  Zerg Missile Weapons Level 1  
  49  4:58  Drone  
  50  5:00  Overlord x2  
  50  5:10  Spore Crawler, Drone  
  50  5:15  Hatchery  
  50  5:18  Glial Reconstitution  
  49  5:24  Queen  
  51  5:29  Queen  
  51  5:31  Roach  
  55  5:38  Roach x2  
  59  5:44  Roach x3  
  65  5:51  Roach x2  
  69  5:57  Roach x3  
  75  6:05  Overlord x2  
  75  6:21  Overlord  
  75  6:22  Overlord  
  75  6:24  Queen  
  75  6:25  Roach x4  
  85  6:32  Roach x3  
  91  6:39  Roach  
  95  6:40  Roach x2  
  95  6:41  Ravager  
  95  6:42  Ravager  
  98  6:48  Overseer  
  88  7:02  Roach x3  
  88  7:03  Queen x2  
  88  7:06  Overlord  
  98  7:13  Overseer  
  98  7:24  Queen, Overseer  
  98  7:27  Drone x3  
  103  7:31  Overseer  
  103  7:34  Drone  
  103  7:35  Drone x3  
  108  7:37  Drone  
  108  7:39  Queen x2, Drone  
  113  7:53  Roach  
  113  7:54  Roach  
  113  7:56  Overseer  
  103  8:01  Roach  
  103  8:02  Roach x2  
  98  8:14  Roach  
  98  8:15  Roach  
  98  8:18  Drone  
  88  8:25  Roach x3  
  90  8:30  Drone x4  
  90  8:31  Drone  
  90  8:33  Extractor x2  
  91  8:37  Roach  
  91  8:38  Roach  
  91  8:40  Drone  
  96  8:44  Extractor  
  96  8:45  Extractor  
  96  8:47  Drone x3  
  97  8:49  Drone x2  
  97  8:51  Drone  
  97  8:52  Queen x3  
  103  8:58  Drone  
  103  9:02  Drone x2  
  105  9:06  Spore Crawler  
  105  9:07  Spine Crawler  
  105  9:08  Zerg Missile Weapons Level 2  
  105  9:09  Overlord  
  102  9:18  Drone x3  
  102  9:19  Drone  
  103  9:27  Drone x3  
  103  9:28  Drone x2  
  103  9:31  Overlord  
  108  9:38  Overlord x3  
  108  9:47  Roach x2  
  112  9:55  Ravager x6  
  112  9:56  Ravager  
  119  10:03  Hatchery  
  119  10:04  Roach x3  
  119  10:05  Roach  
  126  10:10  Roach x2  
  130  10:16  Roach x3  
  130  10:18  Overseer x2  
  130  10:19  Overseer  
  136  10:22  Roach  
  138  10:31  Roach x4  
  146  10:36  Overlord  
  146  10:38  Overlord  
  136  10:55  Roach x2  
  128  10:59  Overlord  
  128  11:01  Roach x8  
  120  11:11  Roach  
  120  11:12  Overseer  
  122  11:23  Roach x5  
  126  11:31  Ravager x2  
  128  11:34  Roach x3  
  134  11:42  Roach x3  
  134  11:45  Roach x2  
  144  11:53  Overlord x3  
Show
View Real Time Build Order
Export as new Build Order

DisK Protoss - Winner!

Build Orders: Zealot Archon 

Get SALT Encoding   

  12  0:00  Probe  
  13  0:12  Probe  
  14  0:20  Pylon  
  14  0:24  Probe  
  15  0:38  Gateway, Probe (Chrono Boost)  
  16  0:47  Probe (Chrono Boost)  
  16  0:48  Assimilator  
  17  0:52  Probe (Chrono Boost)  
  18  1:04  Probe  
  20  1:20  Gateway  
  20  1:24  Zealot (Chrono Boost)  
  20  1:25  Cybernetics Core  
  22  1:29  Pylon  
  22  1:43  Zealot (Chrono Boost)  
  22  1:47  Probe  
  24  1:59  Probe  
  25  2:06  Adept (Chrono Boost)  
  23  2:12  Probe  
  28  2:17  Adept (Chrono Boost)  
  27  2:24  Probe  
  28  2:36  Probe  
  28  2:40  Nexus  
  28  2:48  Probe  
  28  2:50  Warp Gate  
  29  2:53  Assimilator  
  29  2:57  Pylon  
  29  3:04  Probe  
  30  3:22  Probe (Chrono Boost)  
  30  3:25  Stargate  
  32  3:34  Probe (Chrono Boost)  
  32  3:41  Probe (Chrono Boost)  
  33  3:48  Adept  
  33  3:51  Probe (Chrono Boost)  
  33  3:52  Probe (Chrono Boost)  
  35  4:00  Void Ray (Chrono Boost)  
  35  4:02  Probe (Chrono Boost)  
  35  4:04  Probe (Chrono Boost)  
  35  4:06  Probe (Chrono Boost)  
  40  4:12  Probe  
  41  4:18  Probe  
  42  4:24  Twilight Council  
  42  4:25  Probe  
  42  4:27  Assimilator x2  
  42  4:30  Probe  
  44  4:37  Probe  
  44  4:38  Pylon  
  45  4:42  Probe  
  46  4:47  Robotics Facility  
  46  4:49  Probe  
  47  4:53  Adept x2  
  47  4:54  Probe  
  52  5:01  Probe  
  52  5:03  Dark Shrine  
  52  5:06  Probe  
  54  5:11  Nexus  
  54  5:13  Probe  
  55  5:15  Pylon  
  55  5:18  Probe  
  56  5:25  Gateway  
  56  5:29  Gateway  
  56  5:36  Probe  
  56  5:39  Warp Prism (Chrono Boost)  
  59  5:47  Probe  
  60  5:51  Pylon  
  60  5:57  Oracle  
  60  5:58  Probe  
  60  5:59  Probe  
  65  6:06  Pylon  
  65  6:07  Shield Battery  
  65  6:10  Probe  
  66  6:12  Observer  
  67  6:19  Dark Templar x3  
  67  6:25  Gateway  
  73  6:26  Gateway  
  73  6:30  Shield Battery  
  73  6:34  Dark Templar  
  73  6:38  Shield Battery  
  75  6:45  Probe  
  76  6:53  Probe  
  77  6:57  Shield Battery  
  77  6:58  Shield Battery  
  77  6:59  Pylon  
  77  7:00  Stalker  
  77  7:01  Stalker x2  
  82  7:14  Zealot  
  84  7:18  Archon x2  
  84  7:19  Probe x2  
  86  7:23  Probe  
  86  7:25  Pylon  
  86  7:27  Shield Battery  
  87  7:31  Probe x2  
  87  7:35  Probe  
  90  7:38  Dark Templar  
  90  7:41  Zealot x5  
  102  7:45  Immortal (Chrono Boost)  
  82  8:03  Dark Templar x3  
  82  8:05  Stalker x2  
  82  8:13  Stalker  
  78  8:22  Blink (Chrono Boost), Probe x2  
  78  8:23  Probe  
  78  8:25  Pylon  
  81  8:27  Pylon  
  81  8:28  Stalker x2  
  85  8:34  Probe  
  85  8:35  Probe x2  
  85  8:40  Dark Templar  
  85  8:41  Stalker x3  
  92  8:44  Immortal (Chrono Boost)  
  92  8:46  Assimilator  
  92  8:47  Assimilator  
  100  9:02  Probe x2  
  102  9:06  Forge  
  102  9:07  Gateway  
  102  9:08  Gateway  
  102  9:21  Sentry x2  
  102  9:22  Sentry x3, Stalker  
  112  9:30  Robotics Bay  
  112  9:33  Pylon  
  112  9:34  Pylon  
  112  9:42  Protoss Ground Weapons Level 1 (Chrono Boost)  
  112  9:46  Stalker  
  112  9:52  Stalker x3  
  115  9:53  Stalker x2  
  126  10:01  Nexus  
  126  10:02  Pylon  
  126  10:05  Pylon  
  126  10:06  Robotics Facility  
  123  10:11  Observer (Chrono Boost)  
  123  10:12  Charge  
  124  10:17  Dark Templar  
  124  10:18  Zealot x3  
  124  10:19  Zealot  
  134  10:38  Stalker x2  
  134  10:39  Stalker x5  
  126  11:03  Stalker  
  126  11:04  Stalker  
  120  11:05  Stalker  
  120  11:06  Stalker x5  
  131  11:14  Disruptor  
  132  11:29  Nexus, Zealot x5  
  132  11:30  Zealot  
  138  11:45  Probe x3  
  143  12:00  Photon Cannon  
  143  12:02  Shield Battery  
  143  12:04  Pylon  

Tags
 
Add a new tag
Caveats
  • Supply blocks, unpowered buildings, or Contaminate may cause inaccurate times.
  • Supply counts are checked every 10 seconds.